 Dungeon Crawl Stone Soup version 0.31.0-32-g396128a36d (webtiles) character file.

Game seed: 18367590296338028092

54 Doomgape the Trooper (level 3, -2/24 HPs)
             Began as a Gargoyle Fighter on Mar 15, 2024.
             Slain by Grinder (6 damage)
             ... on level 3 of the Dungeon.
             The game lasted 00:03:14 (1344 turns).

Doomgape the Trooper (Gargoyle Fighter)             Turns: 1344, Time: 00:03:15

Health: -2/24      AC: 10    Str: 21    XL:     3   Next: 91%
Magic:  3/3        EV:  9    Int:  8    God:
Gold:   88         SH:  4    Dex:  9    Spells: 2/2 levels left

rFire   . . .        a - +0 flail
rCold   . . .        c - +0 buckler
rNeg    + . .        b - +0 scale mail
rPois   ∞            (no helmet)
rElec   +            (no cloak)
rCorr   .            (no gloves)
SInv    .            (no boots)
Will    .....        (no amulet) Stlth
                     (no ring)
HPRegen 0.24/turn    (no ring)
MPRegen 0.08/turn

%: no passive effects
@: no status effects
A: sickness immunity, AC +3, negative energy resistance 1, electricity
resistance, torment resistance 1, petrification resistance
a: no special abilities


You were on level 3 of the Dungeon.
You visited 1 branch of the dungeon, and saw 3 of its levels.

You collected 88 gold pieces.

Inventory:

Hand Weapons
 a - a +0 flail (weapon)
Armour
 b - a +0 scale mail (worn)
 c - a +0 buckler (worn)
Scrolls
 e - a scroll of identify
Potions
 d - 2 potions of might
 f - a potion of attraction {unknown}
 g - a potion of berserk rage {unknown}


   Skills:
 + Level 4.0 Fighting
 + Level 2.8 Maces & Flails
 + Level 4.0 Armour
 - Level 3.2 Shields


You had 2 spell levels left.
You didn't know any spells.
Your spell library contained the following spells:

 Spells                   Type           Power      Damage    Failure   Level
 Conjure Ball Lightning   Conj/Air       0%         3x3d6     100%        6
 Discord                  Hex            0%         N/A       100%        8
 Disjunction              Tloc           0%         N/A       100%        8


Dungeon Overview and Level Annotations

Branches:
Dungeon (3/15)

Altars:
Vehumet

Annotations:
D:3 Grinder


Innate Abilities, Weirdness & Mutations

You are immune to sickness and miasma.
Your stone body is resilient. (AC +3)
You are immune to poison.
You resist negative energy. (rN+)
You are resistant to electric shocks. (rElec)
You are resistant to unholy torment.
You are immune to petrification.


Message History

No target in view!
No target in view!
You hit Grinder.
Grinder is lightly wounded.
A goblin comes into view. It is wielding a +0 club.
Grinder hits you but does no damage.
You barely miss Grinder.
Grinder is lightly wounded.
Grinder hits you.
You closely miss Grinder.
Grinder is lightly wounded.
Grinder barely misses you. Grinder gestures at you.
You suddenly lose the ability to move!
Grinder hits you but does no damage. The goblin hits you but does no damage.
Grinder hits you. The goblin hits you but does no damage.
Grinder hits you but does no damage.
You can move again.
You closely miss the goblin. The goblin barely misses you. Grinder hits you!
You sock the goblin!
You kill the goblin!
Grinder gestures at you. Pain shoots through your body!
* * * LOW HITPOINT WARNING * * *
Grinder hits you.
* * * LOW HITPOINT WARNING * * *
You writhe in agony.
* * * LOW HITPOINT WARNING * * *
Things that are here:
a +0 club; a dark potion Unknown command.
You sock Grinder!
Grinder is heavily wounded.
You block Grinder's attack.
Unknown command.
You hit Grinder.
Grinder is heavily wounded.
Grinder closely misses you. Grinder hits you.
You die...
Grinder says, "Now the real fun starts!"

.....# #....# #....# #
#....# .#
###########....####..#
#.†.......'.........#
#.#########......###
#.#...........#..#
#.#.#<........#5@#
#.#.#########....#
#...# ......... #####
##.....#.# #........#
#......### .......#
##.....


You could see Grinder.

Vanquished Creatures
  2 adders (D:2)
  2 dart slugs
  3 endoplasms
  3 giant cockroaches
  3 hobgoblins (D:1)
  4 jackals (D:1)
  2 kobolds (D:1)
  3 quokkas
  3 ball pythons
  A bat (D:2)
  A frilled lizard (D:2)
  A goblin (D:3)
  A rat (D:1)
29 creatures vanquished.

Notes
Turn   | Place    | Note
-------+----------+-------------------------------------------
     0 | D:1      | Doomgape the Gargoyle Fighter began the quest for the Orb.
     0 | D:1      | Reached XP level 1. HP: 14/14 MP: 1/1
    49 | D:1      | Reached XP level 2. HP: 14/19 MP: 2/2
    86 | D:1      | Found a faded altar of an unknown god.
   860 | D:2      | Found a radiant altar of Vehumet.
   924 | D:2      | Reached XP level 3. HP: 9/24 MP: 3/3
  1326 | D:3      | Noticed Grinder
  1336 | D:3      | Paralysed by Grinder for 4 turns
  1344 | D:3      | Slain by Grinder

Illustrated notes

Levels and vault maps discovered:
D:1:      mrwooster_arrival_arrow, layout_basic,
          dreamdust_ecumenical_altar_grove
D:2:      layout_basic, basic_altar
D:3:      layout_basic, ebering_ghost_rock_garden, uniq_grinder, uniq_terence,
          uniq_crazy_yiuf_cottage

Skill      XL: |  1  2  3 |
---------------+----------+-----
Fighting       | 4 |  4.0
Armour         | 4 |  4.0
Maces & Flails | |  2.8
Shields        | |  3.2

Action                     || total
---------------------------++-------
  Melee: Flail             ||   117
    Use: Scroll            ||     2
         Potion            ||     1
 Armour: Scale mail        ||    91
  Dodge: Dodged            ||    68
  Block: Buckler           ||    19
